 Dungeon Crawl Stone Soup version 0.29.0-4-gdea44cf6ec (webtiles) character file.

Game seed: 3845626156216204011

2 qw the Caller (level 1, -2/14 HPs)
             Began as a Ghoul Summoner on Sept 9, 2022.
             Slain by a hobgoblin (3 damage)
             ... on level 1 of the Dungeon.
             The game lasted 00:00:03 (56 turns).

qw the Caller (Ghoul Summoner)                        Turns: 56, Time: 00:00:04

Health: -2/14      AC:  2    Str: 11    XL:     1   Next: 30%
Magic:  0/2        EV:  9    Int: 10    God:
Gold:   15         SH:  0    Dex:  9    Spells: 2/3 levels left

rFire   . . .      SeeInvis .   (no weapon)
rCold   + . .      Faith    .   (no shield)
rNeg    + + +      Spirit   .   a - +0 robe
rPois   inf        Reflect  .   (no helmet)
rElec   .          Harm     .   (no cloak)
rCorr   .          Rampage  .   (no gloves)
Will    .....                   (no boots)
Stlth   ++........              (no amulet)
HPRegen 0.00/turn               (no ring)
MPRegen 0.08/turn               (no ring)

@: inhibited regen, constricted
A: claws 1, cold resistance 1, negative energy resistance 3, inhibited
regeneration, torment resistance 2, devour on kill
a: no special abilities


You were on level 1 of the Dungeon.
You visited 1 branch of the dungeon, and saw 1 of its levels.

You collected 15 gold pieces.


Innate Abilities, Weirdness & Mutations

You are immune to poison.
You have sharp fingernails.
Your flesh is cold resistant. (rC+)
You are immune to negative energy. (rN+++)
You do not regenerate when monsters are visible.
You are immune to unholy pain and torment.
You thrive by killing the living.


   Skills:
 + Level 0.5 Axes
 - Level 1.7 Dodging
 - Level 2.1 Stealth
 - Level 1.7 Spellcasting
 - Level 3.6 Summonings


You had 2 spell levels left.
You knew the following spells:

 Your Spells              Type           Power      Damage    Failure   Level
a - Summon Small Mammal   Summ           32%        N/A       8%          1

Your spell library contained the following spells:

 Spells                   Type           Power      Damage    Failure   Level
 Call Imp                 Summ           8%         N/A       11%         2
 Call Canine Familiar     Summ           8%         N/A       22%         3
 Summon Guardian Golem    Hex/Summ       4%         N/A       43%         3
 Summon Lightning Spire   Summ/Air       4%         N/A       83%         4

Inventory:

Armour
 a - a +0 robe (worn)
Potions
 b - a potion of magic

Dungeon Overview and Level Annotations

Branches:
Dungeon (1/15)

Altars:


Message History

48 ||| Stepping ~*~*~tactically~*~*~ (outnumbered).
The hobgoblin attacks as you move away! The hobgoblin misses you.
A dart slug comes into view.
49 ||| Stepping ~*~*~tactically~*~*~ (outnumbered).
The ball python bites you but does no damage.
The ball python barely misses you.
50 ||| Stepping ~*~*~tactically~*~*~ (outnumbered).
51 ||| Stepping ~*~*~tactically~*~*~ (outnumbered).
The ball python attacks as you move away!
The ball python barely misses you.
52 ||| CASTING Summon Small Mammal
Casting: Summon Small Mammal (safe; 8% risk of failure)
Confirm with . or Enter, or press ? or * to list all spells.
The ball python bites you. The ball python barely misses you.
The hobgoblin hits you.
You barely miss the ball python. The ball python barely misses you.
The ball python misses you. The hobgoblin completely misses you.
Your rat barely misses the hobgoblin.
The kobold barely misses your rat.
You barely miss the quokka.
The ball python bites you but does no damage.
The ball python misses you.
The quokka bites you but does no damage.
The ball python barely misses you. The ball python grabs you.
The ball python constricts you.
Your rat bites the hobgoblin but does no damage.
The hobgoblin closely misses you. The kobold closely misses your rat.
You scratch the ball python.
The ball python is moderately wounded.
The quokka bites you. The ball python closely misses you.
The ball python constricts you. The quokka misses you.
Your rat bites the hobgoblin but does no damage.
The hobgoblin hits you but does no damage.
The kobold hits your rat with a +0 dagger.
You barely miss the ball python.
The ball python bites you but does no damage.
The ball python constricts you.
The quokka bites you but does no damage.
Your rat bites the hobgoblin.
The hobgoblin hits you.
You die...

#...##'##....#
#.. #...#....#
#.###.}.###..#
#.#.......#..#
#.#.}.<.}.#..#
#.#.......#..#
#.###.}.###..#
#.r.#...#....##
#@SJ##+##.....#
#.gK..........##
#.r....###.....#
#####.....#.##..#
###%#.......#
#...#.###.##
####.#.###..#
##....w.......
#...............


You could see an endoplasm, a quokka, a hobgoblin (ally target), a ball python,
a kobold and a friendly rat (summoned).

Vanquished Creatures
  A hobgoblin (D:1)
1 creature vanquished.

Vanquished Creatures (collateral kills)
  A rat (D:1)
1 creature vanquished.

Grand Total: 2 creatures vanquished

Notes
Turn   | Place    | Note
-------+----------+-------------------------------------------
     0 | D:1      | qw the Ghoul Summoner began the quest for the Orb.
     0 | D:1      | Reached XP level 1. HP: 14/14 MP: 2/2
     0 | D:1      | 0 ||| qw: Version: 0.1-a-113-g051387a
     0 | D:1      | 0 ||| qw: Game counter: 7215
     0 | D:1      | 0 ||| qw: Always use a shield: true
     0 | D:1      | 0 ||| qw: God list: Okawaru
     0 | D:1      | 0 ||| qw: Allow faded altars: false
     0 | D:1      | 0 ||| qw: Do Orc after D:15 true
     0 | D:1      | 0 ||| qw: Do second Lair branch before Depths: true
     0 | D:1      | 0 ||| qw: Lair rune preference: random
     0 | D:1      | 0 ||| qw: Plans: Normal
     0 | D:1      | 0 ||| PLANNING D:1-11
    25 | D:1      | 25 ||| CASTING Summon Small Mammal
    26 | D:1      | 26 ||| CASTING Summon Small Mammal
    32 | D:1      | 32 ||| Stepping ~*~*~tactically~*~*~ (outnumbered).
    34 | D:1      | 34 ||| Stepping ~*~*~tactically~*~*~ (outnumbered).
    35 | D:1      | 35 ||| Stepping ~*~*~tactically~*~*~ (outnumbered).
    37 | D:1      | 37 ||| Stepping ~*~*~tactically~*~*~ (outnumbered).
    38 | D:1      | 38 ||| CASTING Summon Small Mammal
    44 | D:1      | 44 ||| Stepping ~*~*~tactically~*~*~ (outnumbered).
    47 | D:1      | 47 ||| Stepping ~*~*~tactically~*~*~ (outnumbered).
    48 | D:1      | 48 ||| Stepping ~*~*~tactically~*~*~ (outnumbered).
    49 | D:1      | 49 ||| Stepping ~*~*~tactically~*~*~ (outnumbered).
    50 | D:1      | 50 ||| Stepping ~*~*~tactically~*~*~ (outnumbered).
    51 | D:1      | 51 ||| Stepping ~*~*~tactically~*~*~ (outnumbered).
    52 | D:1      | 52 ||| CASTING Summon Small Mammal
    55 | D:1      | HP: 2/14 [quokka (3)]
    56 | D:1      | Slain by a hobgoblin

Levels and vault maps discovered:
D:1:      dpeg_arrival_simpleton_c, layout_rooms, serial_shops, shop

Action                   || total
-------------------------++-------
Melee: Unarmed           ||    15
 Cast: Summon Small Mamm ||     3
Armor: Robe              ||     8
Dodge: Dodged            ||    19

Table legend:
 A = Non-vault XP
 B = Vault XP
 C = Vault XP percentage of total XP
 D = Non-vault monster count
 E = Vault monster count
 F = Vault count percentage of total count
                 A         B        C        D         E       F
            +---------+---------+-------+---------+---------+-------
      Total |       3 |       0 |   0.0 |       2 |       0 |   0.0
            +---------+---------+-------+---------+---------+-------
        D:1 |       3 |       0 |   0.0 |       2 |       0 |   0.0
            +---------+---------+-------+---------+---------+-------
